 Dungeon Crawl Stone Soup version 0.21-a0-216-g6d3fd91 (webtiles) character file.

403 roguesci the Charmwright (level 6, 0/46 HPs)
             Began as a Demonspawn Skald on Aug 23, 2017.
             Slain by Prince Ribbit (14 damage)
             ... on level 5 of the Dungeon.
             The game lasted 00:16:38 (5413 turns).

roguesci the Charmwright (Demonspawn Skald)         Turns: 5413, Time: 00:16:40

Health: 0/46       AC:  7    Str: 18    XL:     6   Next: 55%
Magic:  10/10      EV: 12    Int: 15    God:
Gold:   186        SH:  0    Dex: 12    Spells: 4/10 levels left

rFire    + . .     SeeInvis +   o - +0 war axe (distort)
rCold    . . .     Gourm    .   (no shield)
rNeg     . . .     Faith    .   b - +0 leather armour
rPois    .         Spirit   .   (no helmet)
rElec    .         Reflect  .   w - +0 cloak
rCorr    .         Harm     .   (no gloves)
MR       .....                  (no boots)
Stlth    +.........             (no amulet)
HPRegen  0.15/turn              m - ring of see invisible
MPRegen  0.12/turn              l - ring of protection from fire

@: confused, mighty, very slightly contaminated
A: slimy green scales 2, powered by pain 1
a: no special abilities


You were on level 5 of the Dungeon.
You were not hungry.

You visited 1 branch of the dungeon, and saw 5 of its levels.

You collected 186 gold pieces.

Inventory:

Hand Weapons
 a - a +0 hand axe
 e - a +0 vampiric dagger
 i - a +0 hunting sling
 o - a +0 war axe of distortion (weapon)
Missiles
 j - 171 stones (quivered)
Armour
 b - a +0 leather armour (worn)
 v - a +0 scale mail
 w - a +0 cloak (worn)
 x - a +0 buckler
Jewellery
 l - a ring of protection from fire (right hand)
 m - a ring of see invisible (left hand)
Scrolls
 f - 6 scrolls of identify {unknown}
 g - a scroll of amnesia {unknown}
 h - 2 scrolls of enchant weapon {unknown}
 k - 2 scrolls of teleportation {unknown}
 n - 3 scrolls of remove curse {unknown}
 q - a scroll of enchant armour {unknown}
 r - 2 scrolls of immolation {unknown}
 t - a scroll of blinking {unknown}
 y - a scroll of magic mapping {unknown}
 C - a scroll of noise {unknown}
Potions
 p - a potion of cancellation
 A - a potion of lignification {unknown}
Books
 c - a book of Battle

   Spells                             Type                      Level
   a - Infusion                       Charms                       1
   b - Shroud of Golubria             Charms/Translocation         2
   c - Song of Slaying                Charms                       2
   d - Spectral Weapon                Hexes/Charms                 3
   e - Regeneration                   Charms/Necromancy            3
 B - a book of Misfortune

   Spells                             Type                      Level
   a - Confusing Touch                Hexes                        1
   b - Confuse                        Hexes                        3
   c - Gell's Gravitas                Translocation                3
   d - Petrify                        Transmutation/Earth          4
   e - Metabolic Englaciation         Hexes/Ice                    5
   f - Yara's Violent Unravelling     Hexes/Transmutation          5
Comestibles
 d - 3 bread rations
 s - a chunk of flesh
 u - 2 meat rations


   Skills:
 + Level 2.8 Fighting
 * Level 2.4 Axes
 * Level 3.1 Armour
 * Level 2.9 Dodging
 + Level 1.9 Stealth
 + Level 2.8 Spellcasting
 + Level 3.1 Charms
 - Level 2.0 Translocations


You had 4 spell levels left.
You knew the following spells:

 Your Spells              Type           Power        Failure   Level  Hunger
a - Infusion              Chrm           ##..         7%          1    #......
b - Shroud of Golubria    Chrm/Tloc      #.........   13%         2    ##.....
c - Regeneration          Chrm/Necr      #.........   36%         3    ###....


Dungeon Overview and Level Annotations

Branches:
Dungeon (5/15)
 Temple: D:4-7

Altars:
Ashenzari
Fedhas
Nemelex Xobeh
The Shining One

Annotations:
D:3 Robin
D:5 Prince Ribbit


Innate Abilities, Weirdness & Mutations

You are mostly covered in slimy green scales. (AC +3)
You sometimes gain a little power by taking damage.


Message History

Prince Ribbit blinks!
You closely miss Prince Ribbit.
Prince Ribbit is lightly wounded.
Your skin stops crawling.
Prince Ribbit hops awkwardly around.
Prince Ribbit barely misses you. Prince Ribbit misses you.
You barely miss Prince Ribbit.
Prince Ribbit is lightly wounded.
Prince Ribbit hits you. Prince Ribbit hits you!
* * * LOW HITPOINT WARNING * * *
You focus on the pain.
You feel very mighty all of a sudden.
You are confused.
You feel invigorated. Prince Ribbit closely misses you.
You bump into the rock wall.
Prince Ribbit hits you!
* * * LOW HITPOINT WARNING * * *
You closely miss Prince Ribbit.
Prince Ribbit is lightly wounded.
Prince Ribbit barely misses you. Prince Ribbit hits you!
You die...

# #( #.. ##
..## ###...
#(.##.....#
#.....# #..#
##.## #.@#
###F# #.#.##
##<#..#
#...#.#
#...#.##
##......#
#.....#.#
#.....#.####


You could see Prince Ribbit.

Vanquished Creatures
  A hound (D:4)
  2 orc priests
  2 orc wizards
  A worker ant (D:4)
  5 adders
  2 gnolls (D:4)
  An ooze (D:2)
  An adder skeleton (D:3)
  A worm (D:2)
  2 dart slugs
  8 leopard geckos
  12 orcs
  8 bats
  11 giant cockroaches
  22 goblins
  14 hobgoblins
  5 jackals (D:3)
  13 kobolds
  2 ball pythons
  5 frilled lizards
  5 rats
123 creatures vanquished.

Vanquished Creatures (others)
  A gnoll (D:4)
  A jackal (D:3)
  A quokka (D:4)
3 creatures vanquished.

Grand Total: 126 creatures vanquished

Notes
Turn   | Place    | Note
-------+----------+-------------------------------------------
     0 | D:1      | roguesci the Demonspawn Skald began the quest for the Orb.
     0 | D:1      | Reached XP level 1. HP: 16/16 MP: 3/3
   215 | D:1      | Reached skill level 1 in Armour
   410 | D:1      | Gained mutation: You are partially covered in slimy green scales. (AC +2) [demonic ancestry]
   410 | D:1      | Reached XP level 2. HP: 17/22 MP: 5/5
   509 | D:1      | Learned a level 2 spell: Shroud of Golubria
  1000 | D:1      | Reached XP level 3. HP: 27/27 MP: 6/6
  1606 | D:2      | Found a shattered altar of Ashenzari.
  1719 | D:2      | Reached skill level 1 in Translocations
  2106 | D:2      | Gained mutation: You sometimes gain a little power by taking damage. [demonic ancestry]
  2106 | D:2      | Reached XP level 4. HP: 33/33 MP: 7/7
  2324 | D:3      | Found a blossoming altar of Fedhas.
  2410 | D:3      | Found a sparkling altar of Nemelex Xobeh.
  2562 | D:3      | Reached skill level 1 in Stealth
  2770 | D:3      | Found a glowing golden altar of the Shining One.
  3027 | D:3      | Reached XP level 5. HP: 32/39 MP: 2/9
  3850 | D:3      | Noticed Robin
  4140 | D:3      | Learned a level 3 spell: Regeneration
  4328 | D:4      | Found a sparkling altar of Nemelex Xobeh.
  4829 | D:4      | Gained mutation: You are mostly covered in slimy green scales. (AC +3) [demonic ancestry]
  4829 | D:4      | Reached XP level 6. HP: 44/46 MP: 10/10
  5331 | D:5      | Entered Level 5 of the Dungeon
  5395 | D:5      | Noticed Prince Ribbit
  5413 | D:5      | Slain by Prince Ribbit

Vault maps used:
D:1:      dpeg_arrival_rooms_c
D:2:      ashenzari_conservatory_becter
D:3:      kennysheep_goblin_castle, nemelex_xobeh_ov_fountains_minmay,
          nicolae_overflow_hidden_temple, overflow_temple_1_default,
          first_bread, gup_sewer_entry_pipe
D:4:      nemelex_diamond_rough_becter
D:5:      temple_hall, uniq_ijyb, uniq_prince_ribbit1

Skill      XL: |  1  2  3  4  5  6 |
---------------+-------------------+-----
Axes           | 2 |  2.4
Armour         | 1 2 3 |  3.1
Dodging        | 2 |  2.9
Translocations | 1 2 |  2.0
Stealth        | 1 |  1.9
Charms         | 3 |  3.1
Fighting       | |  2.8
Spellcasting   | |  2.8

Action                   |  1- 3 |  4- 6 || total
-------------------------+-------+-------++-------
Melee: Hand axe          |   182 |   110 ||   292
       War axe           |       |   155 ||   155
Throw: Stone             |       |    10 ||    10
 Cast: Infusion          |     2 |     7 ||     9
       Shroud of Golubri |     3 |    15 ||    18
       Regeneration      |       |     4 ||     4
  Use: Potion            |       |     8 ||     8
 Stab: Sleeping          |       |     2 ||     2
  Eat: Chunk             |     4 |    13 ||    17
Armor: Leather armour    |    67 |    94 ||   161
Dodge: Dodged            |   130 |   234 ||   364

Table legend:
 A = Spawn XP
 B = Non-spawn XP
 C = Spawn XP percentage of total XP
 D = Spawn monster count
 E = Non-spawn monster count
 F = Spawn count percentage of total count
 G = Total turns spent on level
                    A         B        C        D         E        F      G
               +---------+---------+-------+---------+---------+-------+---------
         Total |     106 |     471 |  18.4 |      24 |     102 |  19.0 |  5413
               +---------+---------+-------+---------+---------+-------+---------
           D:1 |      10 |      40 |  20.0 |       6 |      21 |  22.2 |  1274
           D:2 |      18 |      35 |  34.0 |       3 |      14 |  17.6 |   988
           D:3 |      60 |     163 |  26.9 |      11 |      49 |  18.3 |  1964
           D:4 |      18 |     226 |   7.4 |       4 |      15 |  21.1 |  1105
           D:5 |       0 |       7 |   0.0 |       0 |       3 |   0.0 |    82
               +---------+---------+-------+---------+---------+-------+---------
